Map: Tokamak LE

Players

ManlyManMeat

  • Race: Zerg Zerg
  • League: Diamond
  • Spawn Location: 7:00

Coach - Winner!

  • Race: Protoss Protoss
  • Spawn Location: 1:00

VOD

Have the link to the VOD?

Description

Time

  • Played on: July 7, 2025, 2:16 p.m.
  • Length: 13:27
Show
View Real Time Build Order
Export as new Build Order

ManlyManMeat Zerg 

Build Orders: Hatch First 

Get SALT Encoding   

  12  0:00  Drone  
  13  0:08  Drone  
  14  0:18  Drone, Extractor  
  15  0:22  Overlord  
  15  0:42  Drone  
  16  0:47  Hatchery  
  15  0:50  Drone  
  15  0:54  Drone  
  17  0:57  Drone  
  18  1:08  Extractor  
  17  1:14  Spawning Pool  
  16  1:25  Drone x2  
  18  1:39  Drone  
  20  1:40  Drone  
  20  2:01  Queen x2  
  22  2:07  Overlord  
  24  2:18  Metabolic Boost  
  24  2:24  Drone  
  24  2:25  Drone x3  
  24  2:28  Drone  
  29  2:48  Drone x4  
  33  2:54  Overlord  
  33  2:58  Hatchery  
  32  3:12  Queen  
  34  3:14  Overlord x2  
  34  3:19  Zergling x4  
  36  3:28  Overlord x2  
  36  3:29  Overlord  
  36  3:33  Drone x2  
  38  3:44  Zergling x4  
  40  4:01  Drone x2  
  42  4:08  Spore Crawler  
  40  4:11  Spore Crawler  
  40  4:16  Queen  
  43  4:18  Spore Crawler  
  43  4:20  Spore Crawler  
  43  4:21  Drone  
  43  4:22  Drone x2  
  44  4:25  Baneling Nest  
  44  4:28  Lair  
  44  4:29  Extractor  
  42  4:33  Evolution Chamber  
  42  4:34  Drone x4  
  42  4:35  Drone  
  42  4:36  Drone  
  42  4:38  Drone  
  47  4:46  Drone x3, Hatchery  
  49  5:01  Zerg Melee Weapons Level 1  
  49  5:04  Zergling x14  
  55  5:18  Zergling x2  
  55  5:19  Zergling x12  
  39  5:36  Zergling x8  
  38  5:49  Drone x3  
  41  5:59  Drone  
  42  6:07  Baneling  
  42  6:08  Baneling x3  
  42  6:32  Zergling x12  
  43  6:47  Zergling x8  
  43  6:52  Drone  
  45  7:09  Zerg Ground Armor Level 1  
  45  7:10  Drone x2  
  47  7:29  Zergling x14  
  49  7:38  Drone x3  
  51  7:47  Drone  
  51  7:48  Drone x2  
  54  7:55  Drone x4  
  57  8:11  Drone x4  
  61  8:13  Drone x3  
  61  8:14  Drone x3  
  67  8:26  Centrifugal Hooks  
  67  8:27  Baneling x12  
  66  8:37  Drone x3  
  66  8:38  Drone x4  
  73  8:49  Zergling x12  
  79  9:05  Zerg Melee Weapons Level 2  
  79  9:06  Zergling x2  
  79  9:07  Overlord x5  
  80  9:19  Overlord x3  
  77  9:36  Zergling x12  
  77  9:37  Zergling x34  
  95  9:46  Zergling x6  
  96  9:58  Zergling x14  
  93  10:01  Baneling  
  93  10:02  Baneling x7  
  93  10:04  Baneling  
  92  10:16  Zergling x20  
  87  10:28  Zergling x16  
  80  10:30  Drone, Zergling x4  
  80  10:31  Zergling x10  
  87  10:48  Zergling x8  
  85  10:52  Baneling  
  85  10:56  Zergling x2  
  85  10:57  Zergling x8  
  90  11:04  Baneling  
  90  11:05  Baneling x6  
  90  11:11  Hydralisk Den  
  89  11:22  Zergling x12  
  89  11:23  Zergling x12  
  101  11:27  Drone  
  101  11:35  Baneling x2  
  101  11:36  Zergling x22, Baneling  
  112  11:45  Zergling x2  
  112  11:46  Zergling x8  
  108  11:55  Zergling x6  
  108  11:56  Zergling x6  
  83  12:12  Queen x3  
  87  12:16  Zergling x8  
  87  12:19  Drone  
  87  12:22  Hydralisk x6  
  90  12:25  Extractor  
  90  12:26  Extractor  
  90  12:27  Drone, Extractor  
  90  12:28  Drone x5, Extractor  
  97  12:49  Hydralisk x2  
  97  12:50  Zergling x12  
  99  12:58  Zergling x12  
Show
View Real Time Build Order
Export as new Build Order

Coach Protoss - Winner!

Build Orders: 1 Gate Expand, Chargelot Immortal 

Get SALT Encoding   

  12  0:00  Probe  
  13  0:12  Probe  
  14  0:20  Pylon  
  14  0:25  Probe  
  15  0:37  Probe  
  15  0:41  Gateway  
  16  0:45  Probe  
  17  0:51  Assimilator  
  17  0:53  Probe  
  18  1:04  Probe  
  19  1:16  Probe  
  20  1:27  Nexus  
  20  1:38  Cybernetics Core  
  20  1:39  Probe  
  20  1:46  Assimilator  
  21  1:49  Pylon  
  21  1:53  Probe  
  22  2:04  Stalker  
  22  2:05  Probe  
  25  2:23  Twilight Council  
  25  2:26  Probe  
  25  2:29  Warp Gate  
  26  2:33  Adept  
  28  2:38  Probe  
  28  2:40  Resonating Glaives  
  28  2:41  Probe  
  30  2:47  Gateway  
  30  2:50  Probe  
  31  2:57  Probe  
  32  3:02  Probe  
  33  3:08  Adept  
  33  3:10  Probe  
  36  3:14  Shield Battery  
  36  3:15  Probe  
  37  3:22  Probe  
  37  3:24  Pylon  
  38  3:27  Probe  
  39  3:37  Gateway  
  39  3:38  Gateway  
  39  3:46  Probe x2  
  41  3:52  Pylon  
  41  3:55  Probe  
  41  3:58  Probe  
  43  4:08  Probe  
  43  4:10  Probe  
  43  4:22  Adept x2  
  47  4:25  Probe  
  47  4:29  Robotics Facility  
  48  4:32  Gateway  
  48  4:41  Adept x2  
  48  4:42  Adept x2  
  55  4:54  Probe x2  
  55  4:59  Shield Battery  
  57  5:21  Probe x2  
  57  5:23  Immortal  
  59  5:28  Adept  
  59  5:32  Pylon  
  59  5:33  Pylon  
  61  5:39  Nexus  
  61  5:41  Pylon  
  54  5:42  Probe  
  54  5:43  Probe  
  54  5:45  Assimilator  
  53  5:50  Adept x3  
  53  5:52  Adept x2  
  63  6:02  Immortal  
  67  6:08  Shield Battery  
  67  6:10  Pylon, Charge  
  67  6:13  Pylon  
  67  6:15  Templar Archives  
  67  6:16  Gateway  
  67  6:17  Gateway  
  67  6:23  Probe x2  
  69  6:35  Probe  
  70  6:52  Probe x2  
  64  6:56  Adept x5  
  70  7:01  Probe  
  70  7:04  Psionic Storm, Probe  
  70  7:05  Probe  
  73  7:09  Forge  
  73  7:12  Forge  
  73  7:13  Probe  
  74  7:16  Probe  
  74  7:17  Probe  
  76  7:31  Probe x3  
  76  7:33  Adept x6  
  76  7:34  Adept  
  83  7:40  Immortal  
  83  7:43  Probe x2  
  89  7:53  Probe  
  89  7:55  Probe x2  
  92  8:02  Assimilator  
  92  8:05  Probe, Adept x2  
  97  8:07  Adept x5  
  107  8:16  Protoss Ground Armor Level 1, Protoss Ground Weapons Level 1  
  107  8:26  Assimilator x2  
  107  8:41  Zealot x4  
  107  8:42  Zealot  
  117  8:50  Pylon  
  117  8:52  Pylon  
  117  8:55  Pylon  
  117  8:58  Pylon  
  117  8:59  Immortal  
  121  9:16  Shield Battery, Blink  
  121  9:19  Pylon  
  121  9:20  Photon Cannon  
  120  9:25  Photon Cannon  
  120  9:38  Warp Prism  
  120  9:40  Zealot x7  
  120  10:11  High Templar x7  
  134  10:20  Nexus  
  126  10:21  Pylon  
  98  10:33  Archon x3  
  94  10:41  Gateway  
  94  10:43  Gateway  
  94  10:44  Zealot x4  
  94  10:45  Zealot x3  
  108  10:50  Protoss Ground Weapons Level 2  
  108  10:52  Protoss Ground Armor Level 2  
  108  10:55  Pylon  
  108  10:56  Probe  
  108  10:57  Shield Battery, Probe x2  
  111  11:08  Probe  
  111  11:09  Probe  
  113  11:12  Warp Prism  
  113  11:17  High Templar x2  
  113  11:18  High Templar x2  
  123  11:19  Zealot x3  
  129  11:27  Gateway  
  129  11:29  Gateway  
  129  11:31  Gateway  
  129  11:32  Gateway  
  129  11:35  Photon Cannon  
  110  12:02  Zealot x5  
  110  12:03  Zealot x4  
  126  12:09  Probe x4  
  126  12:12  Assimilator  
  126  12:13  Assimilator  
  122  12:22  Gateway  
  122  12:26  Zealot x2  
  122  12:28  Zealot x6  
  122  12:29  Zealot x5  
  146  12:38  Gateway  
  146  12:41  Pylon  
  146  12:45  Observer  
  146  12:51  Robotics Bay, Probe x2  
  137  12:52  Zealot x8  
  137  12:53  Zealot x5  
  153  13:03  Observer  
  136  13:23  Zealot x11  
  136  13:24  Zealot x2  
Tags
 
Add a new tag
Caveats
  • Supply blocks, unpowered buildings, or Contaminate may cause inaccurate times.
  • Supply counts are checked every 10 seconds.